AoeStats
← AM | MANCO-KUN

African Clearing

510959249Analyzed
2v2 RM · 16h ago on Oct 3, 2026· 44m 29s· 4 players
Game mode
Random Map
Map size
Medium (4 player)
Population
200
Speed
Normal
Resources
Standard
Victory
Conquest
Starting age
Dark Age
Ending age
Imperial Age
RankedLock teamsTeams togetherTeam positionsShared explorationLock speedFull tech treeHidden civsTurbo modeCheats
Victory
Defeat
🇩🇪 Poles · Germany
1371
+14
🇮🇳 Ethiopians · India
1247
+19
🇨🇴 Magyars · Colombia
1348
-18
🇲🇽 Vietnamese · Mexico
1285
-15
dubidubi
5:51 Loom
12:48 Feudal Age
19:05 Castle Age
18:57 Bloodlines
20:00 Scale Barding Armor
20:32 Husbandry
21:25 Horse Collar
29:16 Chain Barding Armor
30:20 Wheelbarrow
31:06 Forging
30:47 Fletching
31:30 Scale Mail Armor
32:28 Szlachta Privileges
32:46 Double-Bit Axe
33:12 Town Watch
34:52 Chain Mail Armor
35:34 Bow Saw
35:26 Heavy Plow
36:25 Hand Cart
38:59 Iron Casting
42:19 Imperial Age
42:01 Masonry
42:12 Ballistics
41:58 Gold Mining
41:58 Stone Mining
43:25 Conscription
Pakabuoy
12:16 Feudal Age
11:09 Loom
13:14 Double-Bit Axe
22:00 Fletching
25:22 Padded Archer Armor
31:09 Gold Mining
40:39 Castle Age
40:43 Crossbowman
41:23 Bodkin Arrow
43:32 Ballistics
43:02 Horse Collar
45:18 Leather Archer Armor
AM | MANCO-KUN
7:47 Loom
31:48 Feudal Age
37:20 Castle Age
35:31 Double-Bit Axe
35:56 Horse Collar
41:58 Gold Mining
AM | AndresBC
3:20 Loom
12:40 Feudal Age
14:13 Double-Bit Axe
21:12 Scale Barding Armor
31:07 Castle Age
30:59 Bloodlines
31:19 Horse Collar
32:17 Chain Barding Armor
31:25 Pikeman
32:11 Light Cavalry
33:45 Husbandry
40:26 Scale Mail Armor
40:22 Fletching
41:49 Wheelbarrow
41:01 Town Watch
43:21 Bodkin Arrow
Connection lost

Rejoining the realm…

Still unreachable

The connection could not be restored.

Session expired

The server has moved on; the page needs a fresh start.